AoeStats
← MrFUNAN

Fortress

509869269Analyzed
4v4 RM · 5d ago on Sep 28, 2026· 44m 59s· 8 players
Game mode
Random Map
Map size
Huge
Population
200
Speed
Normal
Resources
Standard
Victory
Conquest
Starting age
Dark Age
Ending age
Imperial Age
RankedLock teamsTeams togetherTeam positionsShared explorationLock speedFull tech treeHidden civsTurbo modeCheats
Victory
Defeat
🇫🇷 Romans · France
1626
+10
🇨🇳 Khmer · China
1602
+11
🇮🇳 Japanese · India
1573
+12
🇺🇸 Georgians · United States
1543
+14
🇻🇳 Mongols · Vietnam
1578
-15
🇨🇳 Japanese · China
1490
-12
1453
-10
🇨🇳 Saxons · China
1453
-10
Baby
7:11 Feudal Age
10:09 Town Watch
13:16 Castle Age
11:02 Double-Bit Axe
11:18 Horse Collar
13:59 Loom
15:53 Wheelbarrow
15:29 Bow Saw
23:34 Yasama
23:55 Scale Mail Armor
24:06 Forging
23:48 Fletching
24:30 Hand Cart
24:25 Guard Tower
24:40 Bodkin Arrow
24:58 Squires
24:43 Gambesons
24:44 Arson
25:22 Scale Mail Armor
25:33 Forging
25:41 Padded Archer Armor
29:07 Imperial Age
27:01 Chain Mail Armor
27:27 Forging
27:15 Stone Mining
27:16 Gold Mining
28:39 Ballistics
28:00 Treadmill Crane
29:12 Masonry
30:38 Keep
30:04 Bracer
30:35 Plate Mail Armor
31:01 Iron Casting
31:28 Arrowslits
32:22 Padded Archer Armor
33:22 Blast Furnace
32:50 Conscription
32:28 Elite Skirmisher
33:41 Arson
33:17 Pikeman
34:32 Thumb Ring
35:07 Leather Archer Armor
34:33 Crossbowman
34:35 Heavy Cavalry Archer
35:41 Parthian Tactics
35:17 Capped Ram
36:45 Ring Archer Armor
38:18 Chemistry
38:05 Gold Shaft Mining
38:20 Halberdier
42:02 Heavy Plow
43:45 Two-Man Saw
43:19 Caravan
mxrider971
7:10 Feudal Age
5:29 Loom
7:14 Feudal Age
11:13 Castle Age
9:06 Horse Collar
9:54 Double-Bit Axe
13:08 Bow Saw
14:04 Heavy Plow
19:45 Wheelbarrow
26:09 Imperial Age
24:28 Hand Cart
24:25 Bloodlines
24:17 Husbandry
24:26 Scale Barding Armor
26:52 Chain Barding Armor
26:13 Elite Monaspa
27:09 Aznauri Cavalry
27:25 Conscription
28:45 Plate Barding Armor
28:22 Forging
29:47 Iron Casting
30:17 Chemistry
30:14 Svan Towers
32:38 Blast Furnace
31:29 Fletching
31:29 Arrowslits
33:17 Bodkin Arrow
33:44 Ballistics
34:08 Guilds
34:21 Guard Tower
34:28 Murder Holes
35:59 Keep
36:25 Caravan
36:28 Bracer
39:19 Treadmill Crane
39:45 Siege Engineers
eS l Joe
6:23 Loom
8:08 Feudal Age
9:45 Double-Bit Axe
12:14 Castle Age
9:58 Horse Collar
13:05 Bow Saw
27:33 Town Watch
28:24 Wheelbarrow
27:54 Heavy Plow
28:34 Fletching
29:10 Bodkin Arrow
30:04 Stone Mining
30:04 Gold Mining
31:29 Hand Cart
32:49 Scale Mail Armor
33:00 Forging
32:39 Pikeman
33:19 Squires
32:39 Man-at-Arms
36:57 Imperial Age
35:50 Gold Shaft Mining
34:38 Long Swordsman
35:40 Chain Mail Armor
36:55 Ballistics
37:46 Iron Casting
37:15 Heavy Scorpion
38:50 Conscription
38:39 Ballistas
39:41 Chemistry
38:54 Legionary
40:46 Blast Furnace
40:12 Capped Ram
40:18 Halberdier
42:20 Siege Engineers
42:26 Masonry
45:04 Murder Holes
45:40 Architecture
45:12 Town Patrol
45:14 Padded Archer Armor
45:19 Scale Barding Armor
44:37 Elite Centurion
45:38 Comitatenses
45:39 Caravan
46:09 Coinage
雾枝
6:42 Feudal Age
10:17 Castle Age
8:18 Double-Bit Axe
9:06 Horse Collar
11:26 Bow Saw
18:06 Heavy Plow
18:42 Wheelbarrow
19:51 Gold Mining
21:22 Gold Shaft Mining
23:54 Imperial Age
21:39 Loom
22:57 Town Watch
23:29 Hand Cart
23:53 Bloodlines
24:13 Husbandry
24:36 Tusk Swords
25:03 Scale Barding Armor
25:45 Forging
26:11 Conscription
26:29 Chain Barding Armor
26:24 Elite Battle Elephant
28:43 Plate Barding Armor
30:09 Iron Casting
32:15 Blast Furnace
31:52 Capped Ram
33:14 Stone Mining
33:35 Siege Ram
35:23 Siege Engineers
36:54 Coinage
36:24 Caravan
37:41 Hoardings
40:50 Light Cavalry
45:36 Town Patrol
luanb10
6:29 Feudal Age
10:20 Castle Age
8:14 Double-Bit Axe
19:39 Wheelbarrow
20:53 Bow Saw
21:43 Loom
22:17 Hand Cart
29:59 Imperial Age
28:37 Fletching
30:37 Town Watch
31:27 Conscription
31:51 Scale Barding Armor
32:22 Husbandry
32:32 Bloodlines
31:48 Heavy Camel Rider
33:55 Chain Barding Armor
33:46 Forging
37:52 Iron Casting
38:56 Light Cavalry
李雾月
7:10 Feudal Age
10:47 Castle Age
9:12 Double-Bit Axe
9:21 Horse Collar
13:24 Bow Saw
18:03 Wheelbarrow
19:04 Heavy Plow
20:51 Hand Cart
21:00 Gold Mining
22:03 Loom
22:03 Town Watch
25:42 Imperial Age
23:46 Stone Mining
24:31 Gold Shaft Mining
24:00 Squires
24:06 Scale Barding Armor
24:03 Scale Mail Armor
24:24 Arson
24:52 Forging
25:15 Fortified Wall
24:45 Treadmill Crane
26:09 Chain Mail Armor
26:29 Iron Casting
25:45 Shield Wall
26:46 Conscription
27:15 Coinage
26:55 Guilds
27:14 Elite Varangian Guard
28:12 Town Patrol
30:10 Plate Mail Armor
32:07 Pikeman
34:06 Fletching
35:19 Chemistry
35:01 Husbandry
35:11 Halberdier
37:14 Two-Man Saw
MrFUNAN
7:58 Feudal Age
8:47 Double-Bit Axe
11:43 Castle Age
9:30 Horse Collar
13:16 Wheelbarrow
12:58 Bow Saw
20:47 Arson
23:26 Gold Mining
23:27 Stone Mining
27:42 Imperial Age
27:53 Imperial Age
28:06 Imperial Age
25:42 Heavy Plow
26:18 Gold Shaft Mining
26:45 Fletching
27:18 Padded Archer Armor
27:59 Bodkin Arrow
28:08 Yasama
28:00 Guard Tower
28:33 Thumb Ring
29:52 Chemistry
29:20 Scale Mail Armor
28:42 Pikeman
30:11 Forging
29:36 Halberdier
30:17 Squires
33:53 Iron Casting
33:33 Chain Mail Armor
34:58 Keep
35:23 Kataparuto
41:47 Bracer
42:42 Murder Holes
Not noob.Just tired.
7:51 Feudal Age
11:24 Castle Age
9:30 Double-Bit Axe
9:54 Horse Collar
12:52 Wheelbarrow
12:29 Bow Saw
12:51 Bow Saw
16:53 Gold Mining
20:12 Scale Barding Armor
21:07 Town Watch
22:08 Hand Cart
22:04 Heavy Plow
23:50 Stone Mining
27:05 Imperial Age
25:32 Chain Barding Armor
27:27 Forging
28:32 Plate Barding Armor
27:21 Elite Jarl
28:23 Conscription
29:33 Iron Casting
31:38 Siege Engineers
33:30 Blast Furnace
33:32 Fortified Wall
34:20 Bloodlines
34:10 Husbandry
35:09 Fletching
36:06 Ballistics
38:07 Padded Archer Armor
43:12 Masonry
42:45 Vendel Legacy
Connection lost

Rejoining the realm…

Still unreachable

The connection could not be restored.

Session expired

The server has moved on; the page needs a fresh start.